 Dungeon Crawl Stone Soup version 0.22-b1-21-g5cfc1688f2 (webtiles) character file.

56063 Pisosu the Bludgeoner (level 14, -1/135 HPs)
             Began as a Minotaur Berserker on Aug 6, 2018.
             Was the Champion of Trog.
             Killed from afar by a deep elf mage (24 damage)
             ... with a bolt of fire
             ... on level 2 of the Elven Halls.
             The game lasted 01:12:20 (17397 turns).

Pisosu the Bludgeoner (Minotaur Berserker)         Turns: 17397, Time: 01:12:21

Health: -1/135     AC: 22    Str: 30    XL:     14   Next: 40%
Magic:  4/4        EV: 10    Int:  4    God:    Trog [******]
Gold:   1106       SH:  0    Dex: 10    Spells: 13/13 levels left

rFire    . . .     SeeInvis +   h - +9 great mace (antimagic)
rCold    . . .     Gourm    .   (shield currently unavailable)
rNeg     . . .     Faith    .   u - +2 chain mail of Utuif {Regen+ Slay+6}
rPois    .         Spirit   .   (helmet restricted)
rElec    .         Reflect  .   s - +2 cloak {MR+}
rCorr    .         Harm     .   o - +1 pair of gloves {Str+3}
MR       ++...                  d - +0 pair of boots
Stlth    ..........             (no amulet)
HPRegen  0.72/turn              i - ring of see invisible
MPRegen  0.09/turn              C - ring of stealth

@: berserk cooldown, slowed, very slow
A: retaliatory headbutt, horns 2
a: Berserk, Trog's Hand, Brothers in Arms, Renounce Religion


You were on level 2 of the Elven Halls.
You worshipped Trog.
Trog was exalted by your worship.
You were hungry.

You visited 3 branches of the dungeon, and saw 15 of its levels.
You also visited: Bailey.

You collected 1903 gold pieces.
You spent 797 gold pieces at shops.

Inventory:

Hand Weapons
 h - a +9 antimagic great mace (weapon)
 k - a +0 whip of holy wrath
 l - the +7 great mace "Cautsih" {venom, Dex+4}
   (Trog gifted it to you on level 1 of the Elven Halls)

   It poisons the flesh of those it strikes.
   It affects your dexterity (+4).
 r - a +3 demon whip of venom
 t - a +3 mace of draining
 V - a +2 battleaxe of flaming
 Y - a +7 antimagic broad axe
Missiles
 m - 2 throwing nets
 w - 5 poisoned javelins
 F - 13 javelins (quivered)
 I - 4 poisoned tomahawks
Armour
 d - a +0 pair of boots (worn)
 e - a +6 plate armour of ponderousness
 j - a +2 plate armour of fire resistance
 o - a +1 pair of gloves of strength (worn)
 q - a +1 scale mail of poison resistance
 s - a +2 cloak of magic resistance (worn)
 u - the +2 chain mail of Utuif (worn) {Regen+ Slay+6}
   (You found it on level 11 of the Dungeon)

   It affects your accuracy and damage with ranged weapons and melee attacks
   (+6).
   It increases your rate of regeneration.
 v - the +1 ring mail "Abrau" {*Drain rF- Str+2 Dex+7}
   (You found it on level 4 of the Dungeon)

   It affects your strength (+2).
   It affects your dexterity (+7).
   It makes you vulnerable to fire.
   It causes draining when unequipped.
Magical Staves
 x - an uncursed staff of earth {unknown}
Jewellery
 a - an uncursed ring of ice
 i - a ring of see invisible (left hand)
 C - a ring of stealth (right hand)
 J - a +2 ring of strength {unknown}
 Q - an uncursed ring of ice
Wands
 y - a wand of random effects (23)
 E - a wand of flame (35)
 H - a wand of enslavement (9)
 L - a wand of iceblast (9)
Scrolls
 b - 2 scrolls of magic mapping {unknown}
 g - 13 scrolls of identify
 p - 7 scrolls of remove curse
 A - a scroll of fog {unknown}
 O - 5 scrolls of enchant armour {unknown}
 U - 2 scrolls of acquirement
Potions
 f - 10 potions of curing
 n - a potion of flight
 z - a potion of agility {unknown}
 B - a potion of lignification {unknown}
 D - 2 potions of brilliance
 K - a potion of cancellation {unknown}
 M - 5 potions of might {unknown}
 R - 5 potions of heal wounds {unknown}
 S - a potion of experience {unknown}
 T - 2 potions of invisibility {unknown}
 W - a potion of degeneration {unknown}
Miscellaneous
 G - a lightning rod (4/4)
 N - a box of beasts
Comestibles
 c - 12 rations
 P - 6 chunks of flesh


   Skills:
 + Level 15.4 Fighting
 + Level 20.7 Maces & Flails
 + Level 13.1 Armour
 - Level 2.1 Dodging


You had 13 spell levels left.
You didn't know any spells.
Your spell library contained the following spells:

 Spells                   Type           Power        Failure   Level  Hunger
 Magic Dart               Conj           #...         89%         1    ##.....
 Apportation              Tloc           #.....       89%         1    ##.....
 Conjure Flame            Conj/Fire      #.......     99%         3    ####...
 Slow                     Hex            #.......     96%         2    ###....
 Confuse                  Hex            #.......     99%         3    ####...
 Invisibility             Hex            #.......     100%        6    #######
 Mephitic Cloud           Conj/Pois/Air  #.......     99%         3    ####...
 Blink                    Tloc           N/A          96%         2    ###....
 Animate Dead             Necr           N/A          100%        4    #####..
 Pain                     Necr           #...         89%         1    ##.....
 Vampiric Draining        Necr           #.........   99%         3    ####...
 Call Imp                 Summ           #.......     96%         2    ###....
 Dispel Undead            Necr           #.......     100%        5    ######.
 Sublimation of Blood     Necr           #.........   96%         2    ###....
 Tukima's Dance           Hex            #.......     99%         3    ####...
 Ensorcelled Hibernation  Hex/Ice        #.....       96%         2    ###....
 Summon Butterflies       Summ           #.......     89%         1    ##.....
 Corona                   Hex            #......      89%         1    ##.....
 Alistair's Intoxication  Tmut/Pois      #.......     100%        5    ######.
 Dazzling Spray           Conj/Hex       #.....       99%         3    ####...
 Lesser Beckoning         Tloc           #.........   99%         3    ####...


Dungeon Overview and Level Annotations

Branches:
Dungeon (11/15)            Temple (0/1) D:4            Lair (0/6) D:11
    Orc (2/2) D:11            Elf (2/3) Orc:2

Altars:
Ashenzari
Elyvilon
Fedhas
Nemelex Xobeh
Qazlal
Ru
Uskayaw
Vehumet
Yredelemnul
Zin
The Shining One

Shops:
D:5 ?%!!   Orc:2 ![!!*

Annotations:
D:11 exclusion: 2 statues
Elf:2 3 runed doors, Nikola


Innate Abilities, Weirdness & Mutations

You reflexively headbutt those who attack you in melee.
You have a pair of horns on your head.


Message History

Okay, then.
Press: ? - help, v - describe, . - travel, g - get item A rapier.
There is something else lying underneath.
The floor, spattered with blood.
You open the lid... ...and a juvenile weirdbat beast flies out!
Nikola gestures at you while chanting. The bolt of lightning misses you.
Your juvenile weirdbat beast hits Nikola!
Your juvenile weirdbat beast grabs Nikola.
Your juvenile weirdbat beast constricts Nikola.
Nikola hits you but does no damage.
You are electrocuted!
* * * LOW HITPOINT WARNING * * *
Your juvenile weirdbat beast hits Nikola!
Your juvenile weirdbat beast constricts Nikola.
Something loses its grip on Nikola.
The deep elf mage points at you and mumbles some strange words.
The bolt of fire hits you!
You die...

###########+++############
......#.#..).(..#.##...[..
....#.#..)#)#(..#.#.###..
..##.##.#))###..#.#.## ##)
.....#.@.#..#..#e...# #)
.......).@..#.......## ##.
..§Ee..##...#...##...###.#
.§..... #########...#...##
§...... ##.)##.## ...§...
...###.# ....... #........
......# ..#.#.##.## .....#
#...#..##.# ....# #.##..


You could see Nikola, a deep elf mage and a fire elemental.

Vanquished Creatures
  Rupert (Orc:2)
  An orc warlord (Orc:1)
  2 deep elf death magi (Elf:1)
  Harold (Orc:1)
  2 two-headed ogres
  8 dancing weapons
  5 orc high priests (Orc:2)
  4 deep elf knights
  A death drake (shapeshifter) (Elf:1)
  Pikel (D:9)
  6 deep elf archers
  A flayed ghost (D:8)
  9 orc knights
  4 necromancers (Elf:1)
  24 deep elf magi
  2 orc sorcerers
  A salamander (shapeshifter) (Elf:2)
  Joseph (D:9)
  A gargoyle (D:11)
  A komodo dragon (D:11)
  2 trolls (D:11)
  The ghost of Eurus the Ruffian, an amateur DrTm (D:3)
  5 large abominations (Elf:1)
  4 hippogriffs
  A shadow (D:8)
  3 water elementals
  2 hungry ghosts
  4 wraiths (D:8)
  5 fire bats (D:8)
  6 wargs
  A hornet zombie (D:11)
  47 orc warriors
  7 sky beasts
  3 slaves (D:9)
  A necrophage (D:9)
  5 ice beasts
  A black bear (D:9)
  3 phantoms
  6 wolves
  10 ogres
  5 centaurs
  Blork the orc (D:5)
  4 elf zombies (Elf:1)
  2 big kobolds
  8 bullfrogs
  A gnoll sergeant (D:6)
  An earth elemental (Elf:2)
  2 scorpions
  9 killer bees
  5 wights (D:8)
  4 howler monkeys
  3 crimson imps
  3 jellies
  30 orc priests
  Crazy Yiuf (D:3)
  5 hounds
  An iguana (D:9)
  2 bullfrog skeletons
  Terence (D:3)
  26 orc wizards
  6 worker ants
  A killer bee zombie (D:8)
  A howler monkey zombie (D:6)
  Robin (D:3)
  10 adders
  20 gnolls
  3 shadow imps
  4 oozes
  2 adder zombies
  An adder skeleton (D:4)
  4 worms
  7 dart slugs
  7 leopard geckos
  119 orcs
  10 giant cockroaches
  20 hobgoblins
  12 jackals
  16 kobolds
  4 quokkas
  A ball python skeleton (D:5)
  14 bats
  9 frilled lizards
  A giant cockroach zombie (D:5)
  21 goblins
  A jackal skeleton (D:7)
  A jackal zombie (D:7)
  A leopard gecko skeleton (D:6)
  28 rats
  2 crawling corpses (Elf:1)
  2 plants (D:11)
636 creatures vanquished.

Vanquished Creatures (collateral kills)
  An orc knight (Bailey)
  An orc warrior (Bailey)
  4 orcs (Bailey)
6 creatures vanquished.

Vanquished Creatures (others)
  2 deep elf magi (Elf:2)
  A slave (D:9)
  A plant (D:11)
4 creatures vanquished.

Grand Total: 646 creatures vanquished

Notes
Turn   | Place    | Note
-------+----------+-------------------------------------------
     0 | D:1      | Pisosu the Minotaur Berserker began the quest for the Orb.
     0 | D:1      | Reached XP level 1. HP: 19/19 MP: 0/0
   170 | D:1      | Reached skill level 4 in Maces & Flails
   170 | D:1      | Reached XP level 2. HP: 8/27 MP: 1/1
   688 | D:1      | Reached XP level 3. HP: 27/33 MP: 2/2
  1426 | D:2      | Reached ** piety under Trog
  1543 | D:2      | Reached XP level 4. HP: 37/41 MP: 3/3
  1608 | D:2      | Reached skill level 5 in Maces & Flails
  2232 | D:3      | Found a runed door.
  2262 | D:3      | Noticed Terence
  2263 | D:3      | Noticed Robin
  2266 | D:3      | Reached *** piety under Trog
  2273 | D:3      | Killed Terence
  2273 | D:3      | Reached XP level 5. HP: 24/47 MP: 4/4
  2276 | D:3      | Reached skill level 5 in Fighting
  2279 | D:3      | Killed Robin
  2279 | D:3      | Reached skill level 6 in Maces & Flails
  2647 | D:3      | Found a hide-covered altar of Uskayaw.
  3148 | D:3      | Found a runed gate.
  3151 | D:3      | Reached XP level 6. HP: 56/56 MP: 5/5
  3177 | D:3      | Found a runed gate.
  3177 | D:3      | Found a runed gate.
  3184 | D:3      | Noticed Eurus's ghost (amateur DrTm)
  3245 | D:3      | Noticed Crazy Yiuf
  3255 | D:3      | Killed Crazy Yiuf
  3468 | D:3      | Reached **** piety under Trog
  3589 | D:3      | Killed Eurus's ghost
  3589 | D:3      | Reached skill level 7 in Maces & Flails
  3590 | D:3      | Reached XP level 7. HP: 62/62 MP: 6/6
  3671 | D:4      | Got a shimmering hunting sling
  3723 | D:4      | Reached skill level 8 in Maces & Flails
  3898 | D:4      | Reached skill level 5 in Armour
  3904 | D:4      | Found a staircase to the Ecumenical Temple.
  3945 | D:4      | Got an ancient ring mail
  3962 | D:4      | Identified the +1 ring mail "Abrau" {*Drain rF- Str+2 Dex+7} (You found it on level 4 of the Dungeon)
  3977 | D:4      | Received a gift from Trog
  4283 | D:4      | Found a stormy altar of Qazlal.
  4376 | D:5      | Entered Level 5 of the Dungeon
  4439 | D:5      | Found a blossoming altar of Fedhas.
  4467 | D:5      | Reached skill level 9 in Maces & Flails
  4556 | D:5      | Reached XP level 8. HP: 55/71 MP: 7/7
  4632 | D:5      | Noticed Blork the orc
  4637 | D:5      | Killed Blork the orc
  4651 | D:5      | Found Etoemikk's Magic Scroll Boutique.
  4672 | D:5      | Found Gulucuofyu's Food Shop.
  4740 | D:5      | Found Zybraga's Distillery.
  4765 | D:5      | Found a basalt altar of Yredelemnul.
  4986 | D:5      | Found Callanet's Distillery.
  5157 | D:6      | Reached ***** piety under Trog
  5278 | D:6      | Reached skill level 10 in Maces & Flails
  5303 | D:6      | Received a gift from Trog
  5483 | D:6      | You fall through a shaft!
  5483 | D:7      | Found a shattered altar of Ashenzari.
  5613 | D:7      | Found a sparkling altar of Nemelex Xobeh.
  5628 | D:7      | Noticed a hippogriff
  5633 | D:7      | Killed a hippogriff
  5633 | D:7      | Reached skill level 11 in Maces & Flails
  5633 | D:7      | Reached XP level 9. HP: 76/79 MP: 2/8
  6377 | D:7      | Reached skill level 12 in Maces & Flails
  6622 | D:8      | Reached skill level 13 in Maces & Flails
  6637 | D:8      | Identified a scroll of acquirement
  6772 | D:8      | Found a white marble altar of Elyvilon.
  6987 | D:8      | Found a runed door.
  6994 | D:8      | Reached XP level 10. HP: 67/91 MP: 3/9
  7324 | D:8      | Found a radiant altar of Vehumet.
  7404 | D:8      | Found a glowing golden altar of the Shining One.
  7568 | D:8      | Found a sparkling altar of Nemelex Xobeh.
  7584 | D:8      | Found a radiant altar of Vehumet.
  7599 | D:8      | Reached skill level 14 in Maces & Flails
  7641 | D:8      | Found a sacrificial altar of Ru.
  7667 | D:8      | Found a shattered altar of Ashenzari.
  7691 | D:8      | Received a gift from Trog
  7847 | D:8      | Found a glowing silver altar of Zin.
  7925 | D:8      | Noticed a flayed ghost
  7930 | D:8      | Killed a flayed ghost
  8039 | D:9      | Reached skill level 10 in Fighting
  8114 | D:9      | Noticed Pikel
  8129 | D:9      | Killed Pikel
  8129 | D:9      | Reached skill level 15 in Maces & Flails
  8464 | D:9      | Noticed Joseph
  8474 | D:9      | Killed Joseph
  8911 | D:10     | Entered Level 10 of the Dungeon
  9007 | D:10     | Reached XP level 11. HP: 88/101 MP: 3/10
  9902 | D:11     | Found a flagged portal.
  9912 | Bailey   | Entered a bailey
 10160 | Bailey   | Noticed an orc knight
 10197 | Bailey   | Received a gift from Trog
 10290 | Bailey   | Noticed an orc knight
 10303 | Bailey   | Killed an orc knight
 10303 | Bailey   | Reached skill level 16 in Maces & Flails
 10330 | Bailey   | Noticed an orc knight
 10343 | Bailey   | Killed an orc knight
 10585 | Bailey   | Noticed an orc knight
 10641 | Bailey   | Killed an orc knight
 10987 | D:11     | Noticed an archer statue
 10990 | D:11     | Noticed an archer statue
 10991 | D:11     | Got a bloodstained chain mail
 11259 | D:11     | Identified the +2 chain mail of Utuif {Regen+ Slay+6} (You found it on level 11 of the Dungeon)
 11406 | D:11     | Found a staircase to the Orcish Mines.
 11580 | D:11     | Noticed a two-headed ogre
 11581 | D:11     | Found a staircase to the Lair.
 11590 | D:11     | Killed a two-headed ogre
 11880 | Orc:1    | Entered Level 1 of the Orcish Mines
 11965 | Orc:1    | Noticed an orc sorcerer
 11981 | Orc:1    | Noticed an orc knight
 11986 | D:11     | Reached skill level 17 in Maces & Flails
 12140 | D:11     | Killed an orc sorcerer
 12476 | Orc:1    | Killed an orc knight
 12479 | Orc:1    | Reached XP level 12. HP: 78/112 MP: 3/11
 12680 | Orc:1    | Noticed Harold
 12690 | Orc:1    | Killed Harold
 12795 | Orc:2    | Entered Level 2 of the Orcish Mines
 12795 | Orc:2    | Found Gyro Dac's Assorted Antiques.
 12802 | Orc:2    | Received a gift from Trog
 12992 | Orc:2    | Noticed an orc warlord
 13112 | Orc:1    | Killed an orc warlord
 13204 | Orc:2    | Noticed a two-headed ogre
 13249 | Orc:1    | Killed a two-headed ogre
 13249 | Orc:1    | Reached skill level 10 in Armour
 13548 | Orc:2    | Found a staircase to the Elven Halls.
 13603 | Orc:2    | Noticed Rupert
 13617 | Orc:2    | Killed Rupert
 13617 | Orc:2    | Reached skill level 18 in Maces & Flails
 13729 | Orc:2    | Reached ****** piety under Trog
 13733 | Orc:2    | Noticed an orc high priest
 13734 | Orc:2    | Received a gift from Trog
 13749 | Orc:2    | Killed an orc high priest
 14006 | Orc:2    | Bought 2 dark potions for 66 gold pieces
 14006 | Orc:2    | Bought a scroll of enchant weapon for 277 gold pieces
 14006 | Orc:2    | Bought a notched iron ring for 185 gold pieces
 14006 | Orc:2    | Bought a scroll labeled VAASOXOYBRA for 37 gold pieces
 14459 | Orc:2    | Reached XP level 13. HP: 122/122 MP: 4/12
 14674 | Orc:2    | Reached skill level 19 in Maces & Flails
 14863 | Orc:2    | Found Xaseyfroy's Distillery.
 14864 | Orc:2    | Found Jallutu's Antique Armour Shop.
 14864 | Orc:2    | Found Ysats's Distillery.
 14865 | Orc:2    | Found Cigas's Distillery.
 14873 | Orc:2    | Bought a pair of embroidered gloves for 232 gold pieces
 15290 | Elf:1    | Entered Level 1 of the Elven Halls
 15315 | Elf:1    | Noticed a deep elf death mage
 15402 | Elf:1    | Killed a deep elf death mage
 15468 | Elf:1    | Received a gift from Trog
 15488 | Elf:1    | Got a shimmering great mace {god gift}
 15553 | Elf:1    | Found a magical portal.
 15791 | Elf:1    | Noticed a deep elf death mage
 15798 | Elf:1    | Killed a deep elf death mage
 15814 | Elf:1    | Identified the Volume of Rationality
 15920 | Elf:1    | Identified the +7 great mace "Cautsih" {venom, Dex+4} (Trog gifted it to you on level 1 of the Elven Halls)
 15967 | Elf:1    | Reached skill level 20 in Maces & Flails
 16400 | Elf:2    | Noticed Nikola
 16683 | Elf:2    | Reached XP level 14. HP: 133/133 MP: 4/13
 16865 | Elf:1    | Reached skill level 15 in Fighting
 17325 | Elf:2    | Found a runed gate.
 17326 | Elf:2    | Found a runed gate.
 17329 | Elf:2    | Found a runed gate.
 17397 | Elf:2    | Killed from afar by a deep elf mage

Skill      XL: |  1  2  3  4  5  6  7  8  9 10 11 12 13 14 |
---------------+-------------------------------------------+-----
Maces & Flails | 4 5 6 7 9 11 13 15 17 18 20 | 20.7
Fighting       | 4 5 6 7 9 10 12 13 14 15 | 15.4
Armour         | 3 4 5 6 7 9 11 12 13 | 13.1
Dodging        | |  2.1

Action                   |  1- 3 |  4- 6 |  7- 9 | 10-12 | 13-15 || total
-------------------------+-------+-------+-------+-------+-------++-------
Melee: Mace              |    93 |   169 |   149 |       |       ||   411
       Headbutt          |    18 |    32 |    64 |   117 |    39 ||   270
       Great mace        |       |       |   136 |   549 |   201 ||   886
       Battleaxe         |       |       |       |     5 |       ||     5
       Demon whip        |       |       |       |    26 |       ||    26
Throw: Javelin           |       |       |     9 |    23 |    47 ||    79
       Throwing net      |       |       |       |       |     2 ||     2
Invok: Berserk           |       |     2 |     1 |     8 |     4 ||    15
       Trog's Hand       |       |     1 |       |     2 |       ||     3
       Brothers in Arms  |       |       |       |     1 |     1 ||     2
Evoke: Box of beasts     |       |       |       |       |     1 ||     1
  Use: Scroll            |       |       |    11 |    12 |     2 ||    25
       Potion            |       |       |     2 |     2 |     1 ||     5
 Stab: Sleeping          |       |       |       |     4 |       ||     4
  Eat: Chunk             |     2 |     8 |    13 |    20 |     8 ||    51
       Ration            |       |       |     2 |     4 |     1 ||     7
Armor: Animal skin       |    16 |     1 |       |       |       ||    17
       Ring mail         |       |    29 |   115 |   106 |       ||   250
       Scale mail        |       |    45 |    12 |       |       ||    57
       Chain mail        |       |       |       |   186 |    87 ||   273
Dodge: Dodged            |    54 |   113 |   164 |   354 |    63 ||   748
